AoeStats
← Comend x comend

Fortress

509942885Analyzed
4v4 RM · 3d ago on Sep 28, 2026· 47m 58s· 8 players
Game mode
Random Map
Map size
Huge
Population
200
Speed
Normal
Resources
Standard
Victory
Conquest
Starting age
Dark Age
Ending age
Imperial Age
RankedLock teamsTeams togetherTeam positionsShared explorationLock speedFull tech treeHidden civsTurbo modeCheats
Victory
Defeat
🇵🇪 Bengalis · Peru
1373
+12
🇺🇸 Saracens · United States
1363
+12
1348
+13
🇳🇱 Persians · Netherlands
1334
+13
🇮🇳 Varangians · India
1388
-16
1281
-13
🇮🇳 Khmer · India
1264
-12
🇮🇳 Shu · India
1182
-9
IDWARE21
7:34 Feudal Age
11:32 Castle Age
9:30 Horse Collar
9:54 Double-Bit Axe
12:51 Bow Saw
14:29 Loom
15:20 Wheelbarrow
18:45 Heavy Plow
19:42 Hand Cart
21:22 Town Watch
21:32 Gold Mining
22:08 Stone Mining
26:10 Imperial Age
24:42 Bloodlines
24:33 Husbandry
24:40 Scale Barding Armor
24:45 Forging
26:27 Chain Barding Armor
26:50 Ballistics
26:41 Fortified Wall
26:42 Masonry
26:29 Murder Holes
27:16 Gold Shaft Mining
27:48 Plate Barding Armor
27:49 Iron Casting
28:11 Conscription
28:38 Elite Mameluke
29:54 Light Cavalry
31:39 Blast Furnace
30:30 Fletching
31:44 Chemistry
30:29 Arrowslits
31:39 Hoardings
32:08 Counterweights
32:47 Bodkin Arrow
32:17 Hussar
33:12 Onager
35:38 Two-Man Saw
35:26 Caravan
37:02 Siege Engineers
45:12 Bimaristan
Gerbano
7:42 Feudal Age
6:03 Loom
11:43 Castle Age
9:50 Double-Bit Axe
10:11 Horse Collar
16:08 Bow Saw
17:51 Heavy Plow
19:01 Gold Mining
19:59 Wheelbarrow
22:25 Gold Shaft Mining
24:41 Imperial Age
22:26 Bloodlines
22:57 Husbandry
23:40 Scale Barding Armor
23:45 Forging
24:56 Chain Barding Armor
24:31 Cavalier
27:57 Plate Barding Armor
28:06 Hand Cart
27:36 Town Watch
28:30 Iron Casting
29:16 Savar
32:26 Conscription
32:17 Stone Mining
33:31 Fletching
34:48 Blast Furnace
35:09 Crop Rotation
35:40 Two-Man Saw
38:54 Citadels
42:42 Hoardings
43:38 Caravan
44:13 Elite War Elephant
Comend x comend
7:53 Feudal Age
11:48 Castle Age
10:05 Double-Bit Axe
10:07 Horse Collar
12:55 Bow Saw
17:37 Wheelbarrow
19:04 Hand Cart
18:35 Loom
18:37 Town Watch
23:49 Bloodlines
29:39 Imperial Age
27:28 Heavy Plow
27:57 Forging
27:53 Scale Barding Armor
28:20 Scale Barding Armor
28:16 Light Cavalry
28:56 Husbandry
29:43 Iron Casting
30:00 Gold Mining
30:12 Elite Battle Elephant
31:54 Chain Barding Armor
32:57 Blast Furnace
32:55 Gold Shaft Mining
34:34 Conscription
34:52 Paiks
42:14 Scale Mail Armor
42:51 Padded Archer Armor
42:41 Fletching
43:50 Elite Skirmisher
48:21 Ballistics
Demon Backpack // Varela
7:35 Feudal Age
8:46 Double-Bit Axe
11:14 Castle Age
9:02 Double-Bit Axe
9:25 Horse Collar
12:08 Wheelbarrow
12:04 Bow Saw
11:55 Heavy Plow
12:19 Forging
12:09 Scale Mail Armor
13:07 Gold Mining
21:15 Chain Mail Armor
21:33 Squires
21:19 Arson
25:14 Fletching
25:25 Padded Archer Armor
27:43 Ballistics
26:47 Crossbowman
28:28 Bodkin Arrow
29:17 Leather Archer Armor
30:47 Thumb Ring
31:38 Hand Cart
30:56 Elite Skirmisher
31:58 Loom
35:37 Imperial Age
35:43 Arbalester
37:35 Chemistry
36:40 Bracer
43:24 Town Watch
44:12 Ring Archer Armor
48:51 Iron Casting
48:22 Scale Barding Armor
48:19 Husbandry
47:41 Light Cavalry
[T41] Indian War Lord
6:12 Feudal Age
8:35 Double-Bit Axe
11:16 Castle Age
9:04 Horse Collar
10:30 Forging
14:51 Loom
19:00 Bloodlines
21:46 Iron Casting
23:35 Scale Barding Armor
26:53 Wheelbarrow
27:39 Chain Barding Armor
35:41 Imperial Age
35:18 Heavy Camel Rider
37:16 Blast Furnace
36:55 Heavy Plow
37:16 Bow Saw
38:57 Plate Barding Armor
40:49 Fletching
41:01 Husbandry
Sanskari Ladka
7:23 Feudal Age
11:13 Castle Age
9:17 Double-Bit Axe
10:08 Scale Mail Armor
10:39 Horse Collar
24:11 Wheelbarrow
23:22 Loom
27:30 Hand Cart
27:26 Bow Saw
27:47 Heavy Plow
33:58 Imperial Age
31:54 Town Watch
32:43 Gambesons
32:58 Squires
32:19 Pikeman
33:15 Chain Mail Armor
33:12 Forging
34:07 Halberdier
35:18 Plate Mail Armor
35:24 Iron Casting
35:35 Fortified Wall
35:51 Conscription
37:10 Elite Jarl
38:24 Scale Barding Armor
38:59 Caravan
42:13 Chain Barding Armor
42:53 Blast Furnace
Hyderabad (Ind)
1:00 Loom
8:42 Feudal Age
11:45 Castle Age
9:37 Double-Bit Axe
9:36 Horse Collar
10:05 Gold Mining
15:56 Stone Mining
17:01 Heavy Plow
19:18 Wheelbarrow
18:29 Town Watch
19:18 Bow Saw
23:55 Hand Cart
24:29 Fortified Wall
24:40 Ballistics
24:54 Town Patrol
29:07 Imperial Age
27:27 Fletching
27:49 Masonry
28:19 Bodkin Arrow
28:26 Husbandry
30:10 Conscription
29:51 Double Crossbow
29:24 Heavy Scorpion
31:28 Chemistry
31:01 Bracer
33:13 Crop Rotation
36:38 Light Cavalry
37:29 Bloodlines
41:26 Hussar
MahaDeV
2:07 Loom
8:22 Feudal Age
12:26 Castle Age
10:12 Double-Bit Axe
10:19 Horse Collar
12:00 Wheelbarrow
17:58 Crossbowman
18:30 Fletching
21:48 Hand Cart
23:07 Bodkin Arrow
23:43 Padded Archer Armor
27:26 Imperial Age
24:43 Town Watch
25:09 Forging
27:03 Bow Saw
26:44 Gold Mining
27:11 Leather Archer Armor
28:10 Pikeman
28:52 Squires
28:33 Arbalester
29:40 Conscription
29:21 Bolt Magazine
29:55 Ballistics
29:38 Bracer
31:04 Two-Man Saw
30:59 Halberdier
32:11 Ring Archer Armor
32:44 Chemistry
34:33 Scale Mail Armor
36:08 Coiled Serpent Array
36:47 Fortified Wall
Connection lost

Rejoining the realm…

Still unreachable

The connection could not be restored.

Session expired

The server has moved on; the page needs a fresh start.